AoeStats
← PiroTrix

Arabia

509746597Analyzed
1v1 RM · 4d ago on Sep 27, 2026· 50m 10s· 2 players
Game mode
Random Map
Map size
Tiny (2 player)
Population
200
Speed
Normal
Resources
Standard
Victory
Conquest
Starting age
Dark Age
Ending age
Imperial Age
RankedLock teamsTeams togetherTeam positionsShared explorationLock speedFull tech treeHidden civsTurbo modeCheats
Victory
Defeat
🇨🇱 Goths · Chile
712
+15
🇨🇱 Franks · Chile
699
-26
PiroTrix
10:53 Feudal Age
11:22 Double-Bit Axe
15:35 Forging
17:42 Scale Barding Armor
19:55 Man-at-Arms
24:11 Castle Age
24:16 Padded Archer Armor
24:09 Fletching
27:09 Husbandry
27:38 Bow Saw
27:46 Pikeman
35:35 Wheelbarrow
42:38 Imperial Age
43:27 Bodkin Arrow
43:48 Leather Archer Armor
43:03 Long Swordsman
47:56 Town Watch
NoctuoIsASmallBat
0:26 Loom
11:46 Feudal Age
12:16 Horse Collar
12:24 Double-Bit Axe
12:46 Gold Mining
22:32 Castle Age
20:37 Scale Mail Armor
20:48 Forging
22:56 Pikeman
25:21 Man-at-Arms
26:01 Squires
29:48 Heavy Plow
31:42 Anarchy
38:00 Imperial Age
40:52 Iron Casting
40:33 Chain Mail Armor
41:07 Halberdier
43:37 Blast Furnace
44:18 Crop Rotation
46:54 Elite Huskarl
47:59 Perfusion
49:08 Elite Huskarl
50:06 Long Swordsman
Connection lost

Rejoining the realm…

Still unreachable

The connection could not be restored.

Session expired

The server has moved on; the page needs a fresh start.